 Dungeon Crawl Stone Soup version 0.17-a0-854-g4a4ba72 (webtiles) character file.

606 FedoraBrony69 the Cudgeler (level 7, -4/99 HPs)
             Began as a Minotaur Berserker on Apr 28, 2015.
             Was a Priest of Trog.
             Slain by an orc priest
             ... wielding a +0 dagger of venom
              (5 damage)
             ... on level 5 of the Dungeon.
             The game lasted 00:05:55 (3102 turns).

FedoraBrony69 the Cudgeler (Minotaur Berserker)     Turns: 3102, Time: 00:05:55

Health: -4/99      AC:  4    Str: 29    XL:     7   Next: 19%
Magic:  6/6        EV:  9    Int:  6    God:    Trog [***...]
Gold:   252        SH:  8    Dex:  9    Spells: 0 memorised, 6 levels left

rFire  x . .     SeeInvis .     s - +1 whip (venom)
rCold  + + .     Clarity  .     d - +0 leather armour (curse)
rNeg   . . .     SustAb   .     e - +0 shield
rPois  .         Gourm    .     (helmet restricted)
rElec  .         Spirit   .     l - +0 cloak (curse)
rCorr  .         Warding  .     (no gloves)
rMut   .         Stasis   .     (no boots)
MR     .....                    (no amulet)
Stlth  ..........               (no ring)
                                m - ring of ice

@: berserking, very quick, not resistant to hostile enchantments, extremely
unstealthy
A: retaliatory headbutt, horns 2, clever 1, cold resistance 1, high mp 1
a: Burn Spellbooks, Berserk, Trog's Hand, Renounce Religion


You were on level 5 of the Dungeon.
You worshipped Trog.
Trog was most pleased with you.
You were hungry.

You visited 2 branches of the dungeon, and saw 6 of its levels.

You collected 252 gold pieces.

Inventory:

Hand weapons
 a - a +0 mace
 r - a +1 mace of holy wrath
 s - a +1 whip of venom (weapon)
Armour
 b - a +0 animal skin
 d - a cursed +0 leather armour (worn)
 e - a +0 shield (worn)
 l - a cursed +0 cloak (worn)
 o - a +0 chain mail
Jewellery
 m - a ring of ice (left hand)
Magical devices
 q - a wand of random effects (17)
 t - a wand of confusion (7)
Scrolls
 g - a scroll of teleportation
 h - a scroll of remove curse {unknown}
 n - 2 scrolls of fog
 p - a scroll of recharging {unknown}
 y - a scroll of noise {unknown}
Potions
 j - 4 potions of curing
 k - a potion of agility {unknown}
 u - a potion of ambrosia
 v - a potion of mutation
 w - a potion of brilliance {unknown}
 x - a potion of heal wounds {unknown}
Comestibles
 c - 2 bread rations
 f - 3 meat rations
 i - 2 beef jerkies
 z - a chunk of flesh


   Skills:
 + Level 7.2 Fighting
 * Level 7.5 Maces & Flails
 + Level 2.8 Armour
 - Level 2.1 Dodging
 * Level 1.0 Shields


You had 6 spell levels left.
You didn't know any spells.

Dungeon Overview and Level Annotations

Branches:
Dungeon (5/15)             Temple (1/1) D:4

Altars:
Ashenzari
Elyvilon
Fedhas
Kikubaaqudgha
Makhleb
Nemelex Xobeh
Okawaru
Ru
Sif Muna
Trog
Vehumet
Xom
Yredelemnul
Zin
The Shining One


Innate Abilities, Weirdness & Mutations

You reflexively headbutt those who attack you in melee.
You have a pair of horns on your head.
Your mind is acute. (Int +2)
Your flesh is cold resistant.
You have an increased reservoir of magic (+10% MP).


Message History

You headbutt the orc priest.
The orc priest is severely wounded.
The orc priest hits you.
* * * LOW HITPOINT WARNING * * *
You block the jackal's attack.
You barely miss the orc priest. You headbutt the orc priest.
You kill the orc priest!
Trog accepts your kill.
Your Shields skill increases to level 1!
You are feeling hungry.
The jackal bites you but does no damage.
You closely miss the orc priest. Your headbutt misses the orc priest.
The jackal bites you but does no damage.
The jackal bites you.
* * * LOW HITPOINT WARNING * * *
You closely miss the orc priest. You headbutt the orc priest!
The orc priest is severely wounded.
The jackal closely misses you.
The orc priest hits you with a dagger of venom.
You die...

#.........#<...#
#.#######.#....#
# #........#
#####.#.#......
#.....#.#.#....#
#.#####.#.......
#.# #.###.###
#.# #.# .# #@#
#..
#....ohh..#<##
#......(..#
#.........#
#.........#
..........#
..###..... [
...... ...


You could see an orc priest and 2 jackals.

Vanquished Creatures
  Sigmund (D:5)
  A phantom (D:4)
  A scorpion (D:4)
  An orc priest (D:5)
  An orc wizard (D:5)
  2 worker ants (D:4)
  Robin (D:3)
  7 adders
  3 gnolls (D:5)
  2 worms
  A giant gecko (D:3)
  2 orcs (D:5)
  2 ball pythons
  9 hobgoblins
  14 kobolds
  A ball python skeleton (D:4)
  8 bats
  4 giant cockroaches
  A giant newt (D:1)
  17 goblins
  11 jackals
  A jackal skeleton (D:4)
  10 rats
101 creatures vanquished.

Notes
Turn   | Place    | Note
--------------------------------------------------------------
     0 | D:1      | FedoraBrony69, the Minotaur Berserker, began the quest for the Orb.
     0 | D:1      | Reached XP level 1. HP: 19/19 MP: 0/0
    56 | D:1      | Reached skill level 4 in Maces & Flails
    58 | D:1      | Reached XP level 2. HP: 14/27 MP: 1/1
   125 | D:1      | HP: 2/40 [jackal (2)]
   433 | D:1      | Acquired Trog's second power
   747 | D:2      | Reached XP level 3. HP: 33/33 MP: 2/2
   872 | D:2      | Found a white marble altar of Elyvilon.
  1326 | D:3      | Found a shattered altar of Ashenzari.
  1335 | D:3      | Reached skill level 5 in Maces & Flails
  1411 | D:3      | Reached XP level 4. HP: 38/41 MP: 3/3
  1550 | D:3      | Noticed Robin
  1559 | D:3      | Reached skill level 5 in Fighting
  1579 | D:3      | Killed Robin
  1859 | D:3      | Found a radiant altar of Vehumet.
  2046 | D:3      | Gained mutation: Your flesh is cold resistant. [potion of mutation]
  2046 | D:3      | Gained mutation: You have an increased reservoir of magic (+10% MP). [potion of mutation]
  2046 | D:3      | Gained mutation: Your mind is acute. (Int +2) [potion of mutation]
  2072 | D:4      | Found a basalt altar of Yredelemnul.
  2072 | D:4      | Reached XP level 5. HP: 48/48 MP: 4/4
  2076 | D:4      | Noticed a phantom
  2079 | D:4      | Killed a phantom
  2079 | D:4      | Reached skill level 6 in Fighting
  2144 | D:4      | Found a staircase to the Ecumenical Temple.
  2175 | D:4      | Reached XP level 6. HP: 57/57 MP: 5/5
  2194 | Temple   | Entered the Ecumenical Temple
  2894 | D:4      | Found an ancient bone altar of Kikubaaqudgha.
  3039 | D:5      | Entered Level 5 of the Dungeon
  3047 | D:5      | Noticed Sigmund
  3052 | D:5      | Killed Sigmund
  3052 | D:5      | Reached skill level 7 in Fighting
  3052 | D:5      | Reached XP level 7. HP: 36/66 MP: 6/6
  3091 | D:5      | Received a gift from Trog
  3096 | D:5      | HP: 2/99 [orc priest/nerve-wracking pain (13)]
  3100 | D:5      | Reached skill level 1 in Shields
  3101 | D:5      | HP: 1/99 [jackal (1)]
  3102 | D:5      | Slain by an orc priest

Action                   |  1- 3 |  4- 6 |  7- 9 || total
-------------------------+-------+-------+-------++-------
Melee: Mace              |    97 |    47 |       ||   144
       Whip              |       |    41 |    20 ||    61
Invok: Berserk           |     1 |     1 |     1 ||     3
  Use: Scroll            |       |     6 |       ||     6
       Potion            |       |     3 |       ||     3
  Eat: Chunk             |     2 |     6 |     1 ||     9
